 Dungeon Crawl Stone Soup version 0.21.1-1-g345015f (webtiles) character file.

348 tidbits the Digger (level 6, -9/44 HPs)
             Began as a Gnoll Earth Elementalist on Feb 8, 2018.
             Killed by divine providence
             ... invoked by an orc priest
              (15 damage)
             ... on level 5 of the Dungeon.
             The game lasted 00:08:08 (760 turns).

tidbits the Digger (Gnoll Earth Elementalist)        Turns: 760, Time: 00:08:09

Health: -9/44      AC:  5    Str: 11    XL:     6   Next: 60%
Magic:  5/14       EV: 15    Int: 19    God:
Gold:   144        SH:  0    Dex: 15    Spells: 0/15 levels left

rFire    . . .     SeeInvis +   a - +0 dagger
rCold    . . .     Gourm    .   (no shield)
rNeg     . . .     Faith    .   B - +0 robe
rPois    .         Spirit   .   E - +1 helmet
rElec    .         Reflect  .   (no cloak)
rCorr    .         Harm     .   G - +0 pair of gloves
MR       .....                  (no boots)
Stlth    +++.......             p - amulet of inaccuracy (curse)
HPRegen  0.14/turn              l - ring of see invisible
MPRegen  0.14/turn              (no ring)

@: hasted and slowed
A: distributed training, fangs 1, strong nose
a: no special abilities


You were on level 5 of the Dungeon.
You were full.

You visited 1 branch of the dungeon, and saw 5 of its levels.

You collected 144 gold pieces.

Inventory:

Hand Weapons
 a - a +0 dagger (weapon)
 c - a +0 flail
 g - a +0 club
 j - a +0 club
 n - a +0 hunting sling
Missiles
 b - 36 stones (quivered)
 h - 26 arrows
 k - 18 sling bullets
Armour
 B - a +0 robe (worn)
 E - a +1 helmet (worn)
 G - a +0 pair of gloves (worn)
Jewellery
 l - a ring of see invisible (left hand)
   (You found it on level 2 of the Dungeon)
 p - a cursed amulet of inaccuracy (around neck)
   (You found it on level 2 of the Dungeon)
Wands
 m - a wand of paralysis (12)
Scrolls
 o - a scroll of fog {unknown}
Potions
 f - a potion of cancellation
Books
 e - a book of Geomancy

   Spells                             Type                      Level
   a - Sandblast                      Earth                        1
   b - Passwall                       Transmutation/Earth          2
   c - Stone Arrow                    Conjuration/Earth            3
   d - Petrify                        Transmutation/Earth          4
   e - Lee's Rapid Deconstruction     Earth                        5
Comestibles
 d - 3 rations


   Skills:
 + Level 2.0 Fighting
 + Level 2.0 Short Blades
 + Level 2.0 Long Blades
 + Level 2.0 Axes
 + Level 2.0 Maces & Flails
 + Level 2.0 Polearms
 + Level 2.0 Staves
 + Level 2.0 Slings
 + Level 2.0 Bows
 + Level 2.0 Crossbows
 + Level 2.0 Throwing
 + Level 2.0 Armour
 + Level 5.0 Dodging
 + Level 4.6 Stealth
 + Level 2.0 Shields
 + Level 2.0 Unarmed Combat
 + Level 5.4 Spellcasting
 + Level 1.5 Conjurations
 + Level 1.5 Hexes
 + Level 1.5 Charms
 + Level 1.5 Summonings
 + Level 1.5 Necromancy
 + Level 1.5 Translocations
 + Level 2.6 Transmutations
 + Level 1.5 Fire Magic
 + Level 1.5 Ice Magic
 + Level 1.5 Air Magic
 + Level 5.6 Earth Magic
 + Level 1.5 Poison Magic
 + Level 2.2 Invocations
 + Level 2.0 Evocations


You couldn't memorise any spells.
You knew the following spells:

 Your Spells              Type           Power        Failure   Level  Hunger
a - Sandblast             Erth           ####..       1%          1    None
e - Petrify               Tmut/Erth      ###.....     22%         4    ####...
j - Stone Arrow           Conj/Erth      ###...       8%          3    ##.....
p - Passwall              Tmut/Erth      ###.......   3%          2    None
D - Lee's Rapid Deconstr  Erth           ####......   32%         5    #####..


Dungeon Overview and Level Annotations

Branches:
Dungeon (5/15)
 Temple: D:4-7

Altars:
Vehumet


Innate Abilities, Weirdness & Mutations

Your experience applies equally to all skills.
You have very sharp teeth.
Your uncanny sense of smell can sniff out nearby items.


Message History

c - a flail You see here a scroll labeled WITOUXELAFE.
Okay, then.
o - a scroll labeled WITOUXELAFE You open the door.
Found an escape hatch in the ceiling.
There is an open door here.
Found 11 arrows.
A sky beast comes into view.
Found a radiant altar of Vehumet.
A goblin comes into view.
Found 23 stones.
An orc wizard comes into view. It is wielding a dagger.
The orc wizard shouts!
You hear a shout! x2; You hear an angry hiss.
The orc wizard casts a spell.
The orc wizard seems to speed up.
Casting: Sandblast
Confirm with . or Enter, or press ? or * to list all spells.
Aiming: Sandblast
Press: ? - help, Shift-Dir - straight line, f - sky beast
Aim: a sky beast The blast of sand hits the sky beast.
The sky beast is severely wounded.
b - 41 stones The goblin shouts!
The orc wizard mumbles some strange words.
The orc wizard blinks!
Casting: Sandblast
Confirm with . or Enter, or press ? or * to list all spells.
Aiming: Sandblast
Press: ? - help, Shift-Dir - straight line, f/p - sky beast
Aim: a sky beast (severely wounded)
The blast of sand misses the sky beast.
b - 40 stones
Casting: Sandblast
Confirm with . or Enter, or press ? or * to list all spells.
Aiming: Sandblast
Press: ? - help, Shift-Dir - straight line, f/p - sky beast
Aim: a sky beast (severely wounded)
The blast of sand hits the sky beast.
The sky beast is severely wounded.
b - 39 stones The sky beast hits you but does no damage.
Casting: Sandblast
Confirm with . or Enter, or press ? or * to list all spells.
Aiming: Sandblast
Press: ? - help, Shift-Dir - straight line, f/p - sky beast
Aim: a sky beast (severely wounded)
The blast of sand misses the sky beast.
b - 38 stones The orc wizard mumbles some strange words.
The orc wizard blinks!
The goblin zaps a wand.
The puff of flame hits you!
It is a wand of flame (20).
The sky beast barely misses you.
Casting: Sandblast
Confirm with . or Enter, or press ? or * to list all spells.
Aiming: Sandblast
Press: ? - help, Shift-Dir - straight line, f/p - sky beast
Aim: a sky beast (severely wounded)
The blast of sand hits the sky beast.
You kill the sky beast!
Your Fighting skill increases to level 2!
Your Short Blades skill increases to level 2!
Your Long Blades skill increases to level 2!
Your Axes skill increases to level 2!
Your Maces & Flails skill increases to level 2!
Your Polearms skill increases to level 2!
Your Staves skill increases to level 2!
Your Slings skill increases to level 2!
Your Bows skill increases to level 2!
Your Crossbows skill increases to level 2!
Your Throwing skill increases to level 2!
Your Armour skill increases to level 2!
Your Dodging skill increases to level 5!
Your Shields skill increases to level 2!
Your Unarmed Combat skill increases to level 2!
Your Evocations skill increases to level 2!
b - 37 stones The goblin zaps a wand.
The puff of flame hits you!
An orc priest comes into view. It is wielding a hand axe.
You see here 11 arrows.
h - 26 arrows (gained 11)
The orc wizard points at you and mumbles some strange words.
The magic dart hits you!
The goblin zaps a wand.
The puff of flame misses you. The orc wizard casts a spell at you.
You feel yourself slow down.
The goblin zaps a wand.
The puff of flame hits you!
* * * LOW HITPOINT WARNING * * *
Casting: Sandblast
Confirm with . or Enter, or press ? or * to list all spells.
Aiming: Sandblast
Press: ? - help, Shift-Dir - straight line, f - goblin
Aim: a goblin, carrying a wand of flame (17)
The blast of sand misses the goblin.
b - 36 stones The goblin zaps a wand.
The puff of flame hits you!
* * * LOW HITPOINT WARNING * * *
Unknown command.
It was a potion of haste.
You feel yourself speed up.
The orc priest calls down the wrath of Beogh upon you.
Beogh smites you!
You die...

#....# ...o(.
#....# ##.#._.#
#....# #.......
#....# #....#.o
#....####oo.....
##'###...g# #.#
#....#
#####)###....#
#......##...@#
#......##....+ ∆
#......##....#
#......##....#
#####'###....#
#.....<..#
#####....#
######


You could see an orc priest, an orc wizard and a goblin.

Vanquished Creatures
  A sky beast (D:5)
  An ogre (D:4)
  A centaur zombie (D:5)
  An orc wizard (D:5)
  An iguana (D:5)
  5 adders
  2 worms (D:2)
  2 orcs (D:5)
  2 giant cockroaches
  4 goblins
  2 hobgoblins (D:1)
  9 jackals
  4 bats
  2 frilled lizards (D:1)
  4 kobolds (D:1)
  3 rats
44 creatures vanquished.

Notes
Turn   | Place    | Note
-------+----------+-------------------------------------------
     0 | D:1      | tidbits the Gnoll Earth Elementalist began the quest for the Orb.
     0 | D:1      | Reached XP level 1. HP: 13/13 MP: 6/6
    86 | D:1      | Reached skill level 2 in Transmutations
    92 | D:1      | Reached XP level 2. HP: 19/19 MP: 0/7
    97 | D:1      | Learned a level 2 spell: Passwall
   267 | D:2      | Reached skill level 5 in Spellcasting
   267 | D:2      | Reached XP level 3. HP: 20/25 MP: 4/9
   279 | D:2      | Learned a level 3 spell: Stone Arrow
   344 | D:2      | Reached skill level 1 in Invocations
   380 | D:2      | Reached skill level 1 in Fighting
   380 | D:2      | Reached skill level 1 in Short Blades
   380 | D:2      | Reached skill level 1 in Long Blades
   380 | D:2      | Reached skill level 1 in Axes
   380 | D:2      | Reached skill level 1 in Maces & Flails
   380 | D:2      | Reached skill level 1 in Polearms
   380 | D:2      | Reached skill level 1 in Staves
   380 | D:2      | Reached skill level 1 in Slings
   380 | D:2      | Reached skill level 1 in Bows
   380 | D:2      | Reached skill level 1 in Crossbows
   380 | D:2      | Reached skill level 1 in Throwing
   380 | D:2      | Reached skill level 1 in Armour
   380 | D:2      | Reached skill level 1 in Shields
   380 | D:2      | Reached skill level 1 in Unarmed Combat
   380 | D:2      | Reached skill level 1 in Evocations
   380 | D:2      | Reached XP level 4. HP: 22/32 MP: 1/11
   509 | D:3      | Learned a level 4 spell: Petrify
   621 | D:3      | Found a faded altar of an unknown god.
   634 | D:4      | Noticed an ogre
   636 | D:4      | Killed an ogre
   636 | D:4      | Reached skill level 1 in Conjurations
   636 | D:4      | Reached skill level 1 in Hexes
   636 | D:4      | Reached skill level 1 in Charms
   636 | D:4      | Reached skill level 1 in Summonings
   636 | D:4      | Reached skill level 1 in Necromancy
   636 | D:4      | Reached skill level 1 in Translocations
   636 | D:4      | Reached skill level 1 in Fire Magic
   636 | D:4      | Reached skill level 1 in Ice Magic
   636 | D:4      | Reached skill level 1 in Air Magic
   636 | D:4      | Reached skill level 1 in Poison Magic
   636 | D:4      | Reached XP level 5. HP: 37/37 MP: 7/12
   665 | D:5      | Entered Level 5 of the Dungeon
   682 | D:5      | Noticed a phantom
   699 | D:5      | Reached XP level 6. HP: 44/44 MP: 9/13
   706 | D:5      | Learned a level 5 spell: Lee's Rapid Deconstruction
   725 | D:5      | Reached skill level 2 in Invocations
   743 | D:5      | Noticed a sky beast
   745 | D:5      | Found a radiant altar of Vehumet.
   754 | D:5      | Killed a sky beast
   754 | D:5      | Reached skill level 2 in Fighting
   754 | D:5      | Reached skill level 2 in Short Blades
   754 | D:5      | Reached skill level 2 in Long Blades
   754 | D:5      | Reached skill level 2 in Axes
   754 | D:5      | Reached skill level 2 in Maces & Flails
   754 | D:5      | Reached skill level 2 in Polearms
   754 | D:5      | Reached skill level 2 in Staves
   754 | D:5      | Reached skill level 2 in Slings
   754 | D:5      | Reached skill level 2 in Bows
   754 | D:5      | Reached skill level 2 in Crossbows
   754 | D:5      | Reached skill level 2 in Throwing
   754 | D:5      | Reached skill level 2 in Armour
   754 | D:5      | Reached skill level 5 in Dodging
   754 | D:5      | Reached skill level 2 in Shields
   754 | D:5      | Reached skill level 2 in Unarmed Combat
   754 | D:5      | Reached skill level 2 in Evocations
   760 | D:5      | Killed from afar by an orc priest

Skill      XL: |  1  2  3  4  5  6 |
---------------+-------------------+-----
Transmutations | 2 |  2.6
Spellcasting   | 5 |  5.4
Invocations    | 1 2 |  2.2
Fighting       | 1 2 |  2.0
Short Blades   | 1 2 |  2.0
Long Blades    | 1 2 |  2.0
Axes           | 1 2 |  2.0
Maces & Flails | 1 2 |  2.0
Polearms       | 1 2 |  2.0
Staves         | 1 2 |  2.0
Slings         | 1 2 |  2.0
Bows           | 1 2 |  2.0
Crossbows      | 1 2 |  2.0
Throwing       | 1 2 |  2.0
Armour         | 1 2 |  2.0
Shields        | 1 2 |  2.0
Unarmed Combat | 1 2 |  2.0
Evocations     | 1 2 |  2.0
Conjurations   | 1 |  1.5
Hexes          | 1 |  1.5
Charms         | 1 |  1.5
Summonings     | 1 |  1.5
Necromancy     | 1 |  1.5
Translocations | 1 |  1.5
Fire Magic     | 1 |  1.5
Ice Magic      | 1 |  1.5
Air Magic      | 1 |  1.5
Poison Magic   | 1 |  1.5
Dodging        | 5 |  5.0
Stealth        | |  4.6
Earth Magic    | |  5.6

Action                   |  1- 3 |  4- 6 || total
-------------------------+-------+-------++-------
Melee: Club              |    12 |       ||    12
       Dagger            |     6 |     2 ||     8
       Bite              |     1 |       ||     1
 Cast: Sandblast         |    38 |    37 ||    75
  Use: Scroll            |       |     5 ||     5
       Potion            |       |     1 ||     1
 Stab: Sleeping          |     1 |     1 ||     2
  Eat: Ration            |       |     1 ||     1
Armor: Robe              |     5 |     4 ||     9
Dodge: Dodged            |    21 |    10 ||    31

Table legend:
 A = Turns spent in this place as a percentage of turns spent in the entire game.
 B = Non-inter-level travel turns spent in this place as a percentage of non-inter-level travel turns spent in the entire game.
 C = Inter-level travel turns spent in this place as a percentage of turns spent in this place.
 D = Turns resting spent in this place as a percentage of non-inter-level travel turns spent in this place.
 E = Turns spent auto-exploring this place as a percentage of non-inter-level travel turns spent in this place.
 F = Non-inter-level travel turns spent in this place divided by the number of levels of this place that you've seen.
                   A       B       C       D       E      F
               +-------+-------+-------+-------+-------+----------------------
         Total | 100.0 | 100.0 |   0.0 |   0.0 |   0.0 | 152.0
       Dungeon | 100.0 | 100.0 |   0.0 |   0.0 |   0.0 | 152.0
               +-------+-------+-------+-------+-------+----------------------

Table legend:
 A = Kills in this place as a percentage of kills in entire the game.
 B = Kills by you in this place as a percentage of kills by you in the entire game.
 C = Kills by friends in this place as a percentage of kills by friends in the entire game.
 D = Other kills in this place as a percentage of other kills in the entire game.
 E = Experience gained in this place as a percentage of experience gained in the entire game.
 F = Experience gained in this place divided by the number of levels of this place that you have seen.
                   A       B       C       D       E      F
               +-------+-------+-------+-------+-------+----------------------
         Total | 100.0 | 100.0 |   N/A |   N/A | 100.0 |  99.6
       Dungeon | 100.0 | 100.0 |   N/A |   N/A | 100.0 |  99.6
               +-------+-------+-------+-------+-------+----------------------

Vault maps used:
D:1:      dpeg_arrival_triangle_fractal, interstate_on_off
D:2:      corexii_corridor_pit, bloody_makhleb
D:3:      lemuel_round_altar, chequers_ecumenical_altar_simple_redux,
          uniq_sigmund
D:4:      lemuel_round_altar, serial_shops, nicolae_shop_overgrown_old_shop,
          gup_sewer_entry_bowl
D:5:      overflow_temple_1_default, vehumet_altar_wand_db, first_ration,
          basic_altar, uniq_blork_the_orc
